 Dungeon Crawl Stone Soup version 0.15-a0-1675-g4580af5 (webtiles) character file.

598188 nsdk123 the Axe Maniac (level 27, -43/245 HPs)
             Began as a Hill Orc Fighter on June 20, 2014.
             Was a High Priest of Trog.
             Killed from afar by a hellephant (67 damage)
             ... with a blast of flame
             ... on Level 1 of the Abyss on June 24, 2014.
             The game lasted 11:14:10 (78579 turns).

nsdk123 the Axe Maniac (Hill Orc Fighter)          Turns: 78579, Time: 11:14:10

HP -43/245       AC 52     Str 33 (35) XL: 27
MP  38/38        EV  8     Int  2 (6)  God: Trog [*****.]
Gold 2438        SH 19     Dex 11      Spells:  0 memorised, 26 levels left

rFire  . . .     SeeInvis +     Z - +8 mithril axe "Arga" {speed, MR+ Str+2}
rCold  + . .     Rnd*Rage +     w - +12 crystal plate armour
rNeg   + . .     rCorr    .     t - +2 shield
rPois  +         rRot     .     (no helmet)
rElec  +         Spirit   .     O - +2 cloak of the Iron City of Dis {Dex+1 Slay+3}
SustAb .         Warding  +     T - +2 pair of gloves {archery}
rMut   .         Stasis   .     U - -1 pair of boots of the Heavens {MR++ Stlth+}
Gourm  .                        A - amulet "Maiduem" {Ward +Rage rN+}
MR     +++++                    k - ring of the Duke {rPois rC+}
                                i - ring of Doataschi {+Blink +Fly rElec Str+3 SInv}

@: non-regenerating, diseased, lost intelligence, very slow, almost entirely
resistant to hostile enchantments, extremely unstealthy
A: berserk 1, deterioration 2, dopey 1, frail 1, weak 1
a: Burn Spellbooks, Berserk, Trog's Hand, Brothers in Arms, Renounce Religion,
Evoke Blink, Evoke Berserk Rage, Evoke Flight
}: 3/15 runes: decaying, silver, gossamer


You were on level 1 of the Abyss.
You worshipped Trog.
Trog was extremely pleased with you.
You were not hungry.

You visited 9 branches of the dungeon, and saw 51 of its levels.
You visited the Abyss 2 times.
You also visited: Sewer.

You collected 8899 gold pieces.
You spent 6461 gold pieces at shops.

Inventory:

Hand weapons
 Z - the +8 mithril axe "Arga" (weapon) {speed, MR+ Str+2}
   (You bought it in a shop on level 1 of the Elven Halls)

   Attacks with this weapon are significantly faster.
   It affects your strength (+2).
   It affects your resistance to hostile enchantments.
Missiles
 D - 14 javelins of penetration (quivered)
Armour
 t - a +2 shield (worn)
 w - a +12 crystal plate armour (worn)
 C - the +0 hat of the Hot Ocelot {rElec Int-5 Slay+4}
   (You found it on level 1 of the Depths)

   It affects your intelligence (-5).
   It affects your accuracy and damage with ranged weapons and melee attacks
   (+4).
   It insulates you from electricity.
 M - a +0 cloak of poison resistance
 O - the +2 cloak of the Iron City of Dis (worn) {Dex+1 Slay+3}
   (You found it on level 12 of the Dungeon)

   It affects your dexterity (+1).
   It affects your accuracy and damage with ranged weapons and melee attacks
   (+3).
 T - a +2 pair of gloves of archery (worn)
 U - the -1 pair of boots of the Heavens (worn) {MR++ Stlth+}
   (You found it on level 9 of the Dungeon)

   It affects your resistance to hostile enchantments.
   It makes you more stealthy.
Magical devices
 b - a wand of random effects (14)
 c - a wand of flame (8)
 d - a wand of frost (13)
 g - a wand of lightning (4)
 j - a wand of slowing (7)
 l - a wand of fireball (2)
 q - a wand of digging (11)
 v - a wand of draining (5)
 L - a wand of slowing (14)
 X - a wand of invisibility (2)
Comestibles
 p - 2 meat rations
 E - 8 royal jellies
Scrolls
 a - a scroll of fear
 f - 23 scrolls of remove curse
 n - 11 scrolls of fog
 r - 9 scrolls of identify
 x - 2 scrolls of vulnerability
 y - a scroll of blinking
 z - a scroll of enchant armour
 F - 11 scrolls of teleportation
 W - 12 scrolls of magic mapping
Jewellery
 i - the ring of Doataschi (left hand) {+Blink +Fly rElec Str+3 SInv}
   (You bought it in a shop on level 3 of the Elven Halls)

   [ring of see invisible]

   It affects your strength (+3).
   It insulates you from electricity.
   It enhances your eyesight.
   It lets you fly.
   It lets you blink.
 k - the ring of the Duke (right hand) {rPois rC+}
   (You took it off Mara on level 3 of the Elven Halls)

   [ring of poison resistance]

   It protects you from cold.
   It protects you from poison.
 m - an uncursed ring of protection from fire
 o - an uncursed ring of positive energy
 A - the amulet "Maiduem" (around neck) {Ward +Rage rN+}
   (You took it off a deep elf blademaster on level 3 of the Elven Halls)

   [amulet of warding]

   It may prevent the melee attacks of summoned creatures.
   It protects you from negative energy.
   It lets you go berserk.
 H - the amulet "Blyuf" {rMut SInv}
   (You took it off a vault warden on level 5 of the Vaults)

   [amulet of resist mutation]

   It protects you from mutation.
   It enhances your eyesight.
 I - an uncursed ring of ice
 J - an uncursed ring of protection from cold
 P - an uncursed ring of protection from fire
Potions
 e - a potion of agility
 h - a potion of flight
 s - 12 potions of curing
 u - a potion of resistance
 B - 5 potions of restore abilities
 G - 5 potions of might
 K - a potion of heal wounds
 Y - 4 potions of haste


   Skills:
 O Level 27 Fighting
 O Level 27 Axes
 * Level 8.5 Throwing
 O Level 27 Armour
 - Level 0.8 Dodging
 - Level 0.3 Stealth
 + Level 19.8 Shields
 - Level 1.3 Unarmed Combat
 * Level 13.3 Evocations


You had 26 spell levels left.
You didn't know any spells.

Dungeon Overview and Level Annotations

Branches:
Dungeon (15/15)            Temple (0/1) D:4             Orc (4/4) D:9
    Elf (3/3) Orc:3          Lair (8/8) D:9           Swamp (5/5) Lair:5
 Spider (5/5) Lair:5        Slime (0/6) Lair:8       Vaults (5/5) D:13
  Crypt (0/3) Vaults:2       Hell (1/1)                 Zot (0/5) Depths:5
 Depths (5/5) D:15
    Dis: Hell:1         Geh: Hell:1         Coc: Hell:1         Tar: Hell:1

Altars:
Ashenzari
Cheibriados
Fedhas
Gozag
Nemelex Xobeh
Qazlal
Sif Muna
Trog
Vehumet
Xom
Yredelemnul
Zin
The Shining One
Jiyva
Lugonu

Shops:
D:11 [   D:15 :   Orc:1 (   Orc:3 :   Orc:4 (((   Elf:1 (:   Elf:2 (   Elf:3 =
Vaults:1 [*   Vaults:5 :   Depths:4 *   Depths:5 !

Portals:
Hell: Depths:1 Depths:2 Depths:3 Depths:4 Depths:5
Abyss: Depths:1 Depths:2 Depths:4
Pandemonium: Depths:3 Depths:4 Depths:5
Ziggurat: Depths:2

Annotations:
Lair:3 1 exclusion
Hell Geryon


Innate Abilities, Weirdness & Mutations

You tend to lose your temper in combat.
Your body is deteriorating.
You are dopey. (Int -2)
You are frail (-10% HP).
You are weak. (Str -2)


Message History

Your skin crawls.
You feel resistant to hostile enchantments.
You feel slightly more hungry.
A hellephant comes into view.
You feel the effects of Trog's Hand fading.
The hellephant trumpets!
The hellephant blinks!
Your skin stops crawling.
You feel less resistant to hostile enchantments.
The hellephant breathes flames at you. The blast of flame hits you!
A neqoxec and a wretched star come into view.
The neqoxec shouts!
The hellephant breathes flames at you. The blast of flame hits you!
* * * LOW HITPOINT WARNING * * *
The hellephant blinks!
The hellephant breathes flames at you. The blast of flame hits you!
You die...

## # #(..#.....## #
#..#.
#............#..
....##..............
#..............#%.
##.....#.....#.##
#......#...###..#. .
##.....#...#.#. #
#....##...*.).3...##%
. . #...@....Y#....
...#
#........##.#..##.. .
#...........#...#.#
.. ................#
# ................
##..##..##..## #..
#..# ..# .. .... ..
....


You could see a hellephant, a wretched star and a neqoxec.

Vanquished Creatures
  Mara (thrice) (Elf:3)
  An ancient lich (Vaults:5)
  the Lernaean hydra (Swamp:5)
  Norris (Swamp:4)
  A player illusion (Elf:3)
  28 large abominations
  6 golden dragons
  Xtahua (Vaults:2)
  A profane servitor (Abyss:1)
  Nikola (Elf:3)
  5 bone dragons
  8 tentacled monstrosities
  12 liches
  A hellephant (Abyss:1)
  An Ice Fiend (Elf:3)
  6 titans
  2 deep elf blademasters (Elf:3)
  3 Executioners
  A deep elf master archer (Elf:3)
  2 quicksilver dragons (Vaults:5)
  6 storm dragons
  7 sphinxes
  8 shadow dragons
  13 tentacled starspawn
  A draconian monk (Depths:5)
  12 tengu reavers
  A ghost moth (shapeshifter) (Vaults:5)
  2 balrugs
  7 iron dragons
  Donald (Swamp:5)
  Wiglaf (Spider:3)
  6 ghost moths
  Maud (Swamp:1)
  9 frost giants
  An orc warlord (Orc:3)
  17 fire giants
  12 emperor scorpions
  9 deep elf sorcerers
  17 vault wardens
  A spriggan defender (Depths:3)
  The ghost of therealpatrickswayze the Severer, a powerful HOGl of Beogh (D:13)
  A reaper (Hell)
  A cacodemon (Depths:1)
  An octopode crusher (Depths:3)
  13 deep elf demonologists
  A draconian caller (Depths:5)
  2 war gargoyles
  A draconian shifter (Depths:5)
  4 grey draconians
  25 stone giants
  A green draconian (Depths:5)
  A green draconian (shapeshifter) (Vaults:5)
  A red draconian (Depths:5)
  2 lorocyprocas
  11 dire elephants
  2 black draconians (Depths:5)
  6 vampire knights
  18 deep elf annihilators
  2 pale draconians (Depths:5)
  3 white draconians (Depths:5)
  A purple draconian (Depths:5)
  3 yellow draconians (Depths:5)
  3 minotaurs (Depths:3)
  20 ettins
  A merfolk javelineer (Depths:1)
  A blizzard demon (Hell)
  Snorg (Orc:2)
  A green death (Abyss:1)
  8 fire dragons
  An eidolon (Abyss:1)
  11 deep elf death magi
  32 vault guards
  A merfolk impaler (Depths:1)
  3 jiangshi (Depths:2)
  12 yaktaur captains
  9 great orbs of eyes
  18 ironheart preservers
  6 deep elf high priests
  2 quicksilver dragon skeletons
  Fannar (Lair:1)
  8 ice dragons
  2 ravenous feature mimics
  7 spriggan air magi
  6 rakshasas
  8 deep troll earth magi
  21 hydras
  5 shambling mangroves
  Erica (Orc:4)
  An anaconda (shapeshifter) (Depths:4)
  6 alligators
  27 death yaks
  A vampire mage (Depths:2)
  A dancing weapon (Vaults:4)
  14 deep troll shamans
  A death knight (Abyss:1)
  A tengu warrior (Depths:5)
  3 spriggan berserkers
  6 spectral elves
  6 hell knights
  A catoblepas (Depths:4)
  15 spriggans
  Urug (D:14)
  4 hell hogs (Abyss:1)
  17 ogre magi
  7 thrashing horrors (Abyss:1)
  Nergalle (Lair:2)
  An orc high priest (Orc:4)
  15 centaur warriors
  A soul eater (Vaults:5)
  33 slime creatures
  A shadow wraith (Abyss:1)
  6 iron trolls
  9 sun demons
  11 wretched stars (Abyss:1)
  15 very ugly things
  3 fire crabs
  A spatial maelstrom (Abyss:1)
  An unseen horror (shapeshifter) (Vaults:5)
  20 deep elf knights
  2 giant orange brains
  3 skeletal warriors
  6 flayed ghosts
  17 orb spiders
  A shadow demon (Vaults:5)
  2 unseen horrors
  10 deep elf summoners
  An ice devil (Abyss:1)
  3 spriggan druids
  An anaconda zombie (Hell)
  4 wizards
  A lindwurm (shapeshifter) (Depths:3)
  A swamp dragon (shapeshifter) (Vaults:5)
  29 deep trolls
  11 hill giants
  9 swamp dragons
  5 manticores
  A mana viper (Abyss:1)
  A shining eye (Abyss:1)
  Joseph (Lair:1)
  15 ironbrand convokers
  A hill giant (shapeshifter) (Elf:2)
  A sphinx zombie (Depths:3)
  5 cyclopes
  22 wolf spiders
  5 red wasps
  4 worldbinders
  8 phantasmal warriors
  A fire giant zombie (Vaults:5)
  18 deep elf conjurers
  3 moths of wrath
  5 orc sorcerers
  A cyclops (shapeshifter) (Depths:2)
  A human zombie (Vaults:5)
  A manticore (shapeshifter) (Vaults:3)
  A faun (shapeshifter) (Vaults:5)
  6 necromancers
  3 stone giant zombies
  A frost giant zombie (Depths:1)
  10 orc knights
  9 griffons
  12 vault sentinels
  An elephant (shapeshifter) (Depths:4)
  A sixfirhy (Abyss:1)
  13 elephants
  A black mamba (shapeshifter) (Depths:2)
  9 black mambas
  A fire giant skeleton (Vaults:5)
  A moth of wrath (shapeshifter) (Depths:4)
  A naga mage (Abyss:1)
  2 apocalypse crabs (Abyss:1)
  2 torpor snails
  A spiny frog (shapeshifter) (Abyss:1)
  A torpor snail (shapeshifter) (Depths:2)
  2 gargoyles
  3 guardian serpents (Abyss:1)
  An item mimic (Spider:1)
  9 smoke demons
  2 yaktaurs (shapeshifter)
  2 octopodes (shapeshifter)
  A queen ant (Lair:1)
  A spriggan zombie (Depths:2)
  7 orange demons
  4 hellwings
  2 feature mimics
  6 iron devils
  A tormentor (Depths:1)
  23 spiny frogs
  3 tengu conjurers
  4 efreet
  65 yaktaurs
  10 komodo dragons
  5 kobold demonologists
  A fire drake (D:9)
  11 ancient zymes (Abyss:1)
  16 deep elf priests
  An elf (shapeshifter) (Vaults:5)
  Grinder (D:4)
  4 red devils
  19 demonic crawlers
  A merfolk (shapeshifter) (Elf:2)
  A hydra zombie (Hell)
  2 fire drakes (shapeshifter)
  11 freezing wraiths
  A shadow dragon simulacrum (Depths:3)
  6 trolls
  A wind drake (shapeshifter) (Abyss:1)
  A polar bear (Lair:8)
  6 deep troll zombies (Depths:1)
  Prince Ribbit (D:7)
  A baby alligator (shapeshifter) (D:15)
  2 ravens (shapeshifter) (Depths:2)
  29 two-headed ogres
  3 blue devils
  4 giant leeches
  20 jumping spiders
  22 raiju
  10 ravens
  2 slime creatures (shapeshifter) (Depths:2)
  6 bog bodies
  A red wasp zombie (Vaults:5)
  A silent spectre (Vaults:2)
  An iron dragon simulacrum (Depths:2)
  17 blink frogs
  An ice dragon zombie (Depths:1)
  A fire giant simulacrum (Vaults:3)
  2 frost giant simulacra (Depths:3)
  A basilisk (D:11)
  2 ettin zombies (Vaults:5)
  18 trapdoor spiders
  4 boulder beetles
  8 shadows
  14 air elementals
  60 redbacks
  A spriggan skeleton (Depths:1)
  21 tarantellas
  A formicid (shapeshifter) (Vaults:3)
  A griffon skeleton (D:15)
  A flying skull (Vaults:2)
  A fire bat (shapeshifter) (D:15)
  17 ynoxinuls
  A spriggan (shapeshifter) (D:15)
  3 vampires
  A hill giant zombie (D:14)
  24 deep elf magi
  The ghost of nsdk123 the Chopper, an average HOFi (D:3)
  12 water elementals
  A fire elemental (Hell)
  A hog (shapeshifter) (Depths:2)
  A human (Abyss:1)
  3 wyverns
  25 deep elf fighters
  4 chaos spawn (Abyss:1)
  49 yaks
  A tarantella (shapeshifter) (Depths:2)
  A shark (Lair:1)
  4 wraiths
  Grum (D:8)
  11 hippogriffs
  13 hell beasts
  58 ugly things
  8 neqoxecs
  A steam dragon (D:7)
  8 hungry ghosts
  4 golden eyes (Abyss:1)
  3 nagas
  A spriggan simulacrum (Depths:2)
  11 wolves
  51 vampire mosquitoes
  A spatial vortex (Abyss:2)
  Menkaure (D:4)
  7 soldier ants
  5 wargs
  28 small abominations
  19 swamp worms
  A harpy simulacrum (Abyss:1)
  15 ice beasts
  An ice beast (shapeshifter) (Vaults:4)
  4 mottled dragons
  19 porcupines
  2 spiny frog zombies
  Purgy (Sewer)
  11 swamp drakes
  A deep dwarf (shapeshifter) (Vaults:5)
  5 hell hounds
  16 human skeletons
  36 spiders
  4 black bears
  13 water moccasins
  40 orc warriors
  2 phantoms
  3 necrophages
  5 sky beasts
  18 yellow wasps
  17 centaurs
  2 boring beetles
  A crocodile (shapeshifter) (Vaults:3)
  A snapping turtle skeleton (Abyss:1)
  52 ogres
  10 boggarts
  A big kobold (Vaults:2)
  11 crocodiles
  2 lost souls (Elf:3)
  A yaktaur zombie (D:12)
  2 brain worms (Abyss:1)
  An earth elemental (Abyss:1)
  25 giant frogs
  14 insubstantial wisps
  A wyvern zombie (D:6)
  A hell hound zombie (Hell)
  A cyclops zombie (D:13)
  A raiju zombie (Abyss:1)
  4 scorpions
  A killer bee (shapeshifter) (Vaults:5)
  6 electric eels
  2 eyes of draining
  8 wights
  14 crimson imps
  9 iron imps
  8 quasits
  A basilisk zombie (D:14)
  50 starcursed masses (Abyss:1)
  3 goliath beetles
  8 jellies
  44 orc priests
  2 elf zombies
  7 hounds
  A two-headed ogre zombie (Vaults:5)
  9 iguanas
  10 big fish
  43 orc wizards
  17 sheep
  31 worker ants
  5 orange rats
  2 ogre zombies (Vaults:5)
  A mottled dragon skeleton (D:15)
  A tengu skeleton (Abyss:1)
  A big kobold skeleton (D:6)
  Terence (D:2)
  A hound skeleton (D:4)
  2 mummies
  A worker ant zombie (D:6)
  3 gnolls (D:3)
  18 green rats
  33 adders
  4 shadow imps
  A giant mite (D:8)
  An inept item mimic (D:2)
  3 worms
  6 white imps
  45 ufetubi
  An adder skeleton (D:8)
  An adder zombie (D:8)
  8 giant geckos
  An ooze (D:11)
  178 orcs
  7 bats
  6 giant cockroaches
  23 goblins
  16 hobgoblins
  16 jackals
  14 quokkas
  4 ball pythons
  8 giant newts
  A giant spore (D:15)
  A hobgoblin skeleton (D:6)
  25 kobolds
  12 orc zombies
  29 rats
  A briar patch (Swamp:2)
  2 bushes
  A crawling corpse (Vaults:5)
  9 fungi
  14 plants
  11 starspawn tentacles
  A starspawn tentacle segment (Abyss:1)
3022 creatures vanquished.

Vanquished Creatures (collateral kills)
  Saint Roka (Orc:4)
  A golden dragon (Depths:4)
  A titan (Depths:2)
  A deep elf master archer (Elf:3)
  A sphinx (Depths:4)
  A thorn hunter (Swamp:2)
  A shadow dragon (Depths:4)
  Roxanne (Swamp:1)
  A fire giant (Depths:2)
  A frost giant (Depths:1)
  2 reapers (Hell)
  2 stone giants
  3 rakshasas
  The ghost of Somebody the Impaler, a powerful HOGl of Beogh (Spider:1)
  A war gargoyle (Hell)
  A dire elephant (Lair:8)
  A blizzard demon (Hell)
  A deep elf death mage (Vaults:2)
  A great orb of eyes (Abyss:1)
  A yaktaur captain (Vaults:4)
  An ironheart preserver (Vaults:2)
  A spriggan air mage (Depths:3)
  3 hydras
  2 ogre magi
  2 death yaks
  3 orc high priests (Orc:4)
  A thrashing horror (Abyss:1)
  A very ugly thing (Depths:1)
  A centaur warrior (Vaults:2)
  An iron golem (Hell)
  A catoblepas (Lair:8)
  A hell knight (Hell)
  A deep troll (Swamp:2)
  A flayed ghost (Depths:4)
  2 swamp dragons (Swamp:5)
  7 orb spiders
  An ironbrand convoker (Vaults:2)
  2 wolf spiders
  A hellion (Hell)
  A necromancer (Hell)
  A hell beast (Hell)
  A shining eye (Lair:8)
  2 manticores
  An orange demon (Depths:1)
  An iron devil (Hell)
  A kobold demonologist (Abyss:1)
  A yaktaur (shapeshifter) (Depths:2)
  An efreet (D:14)
  A torpor snail (Lair:6)
  2 red devils
  A yaktaur (Depths:1)
  A troll (Orc:4)
  An ancient zyme (Abyss:1)
  3 two-headed ogres (Depths:1)
  2 redbacks (Spider:1)
  2 wargs (Orc:4)
  A chaos spawn (Orc:4)
  6 ugly things (Depths:1)
  3 vampire mosquitoes (D:14)
  2 deep elf fighters (Elf:2)
  2 hell hounds (Hell)
  A small abomination (Abyss:1)
  6 orc warriors (Orc:4)
  A centaur (D:14)
  4 ogres
  A brain worm (D:14)
  An electric eel (D:12)
  A crimson imp (Hell)
  A jelly (D:14)
  7 starcursed masses (Abyss:1)
  3 orc wizards (Orc:4)
  3 orc priests (Orc:4)
  A worker ant (D:9)
  An ufetubus (Elf:2)
  4 orcs (Orc:4)
  A kobold (Abyss:1)
130 creatures vanquished.

Vanquished Creatures (others)
  A lich (Depths:3)
  2 large abominations
  An iron troll (Swamp:5)
  A centaur warrior (Depths:1)
  4 deep trolls
  An ironbrand convoker (Vaults:2)
  3 hill giants (Depths:1)
  A tengu conjurer (D:13)
  5 trolls
  A deep elf mage (Elf:1)
  2 two-headed ogres
  A tarantella (Spider:2)
  A neqoxec (Abyss:2)
  2 small abominations
  4 ogres
  A hell hound zombie (Hell)
  A white imp (Abyss:2)
  3 ufetubi (Abyss:1)
  A lurking horror (Abyss:1)
  3 fungi
  3 plants
  28 starspawn tentacles
  210 starspawn tentacle segments
280 creatures vanquished.

Grand Total: 3432 creatures vanquished

Notes
Turn   | Place    | Note
--------------------------------------------------------------
     0 | D:1      | nsdk123, the Hill Orc Fighter, began the quest for the Orb.
     0 | D:1      | Reached XP level 1. HP: 19/19 MP: 1/1
   199 | D:1      | Reached skill level 4 in Fighting
   199 | D:1      | Reached XP level 2. HP: 27/27 MP: 2/2
   500 | D:2      | Noticed Terence
   510 | D:2      | Killed Terence
   510 | D:2      | Reached XP level 3. HP: 23/33 MP: 3/3
   891 | D:2      | Reached XP level 4. HP: 14/40 MP: 4/4
  1474 | D:3      | Noticed nsdk123's ghost (average HOFi)
  1474 | D:3      | Reached XP level 5. HP: 47/47 MP: 5/5
  1641 | D:3      | Killed nsdk123's ghost
  1641 | D:3      | Reached skill level 1 in Evocations
  1641 | D:3      | Reached XP level 6. HP: 55/55 MP: 5/7
  1724 | D:3      | Found a stormy altar of Qazlal.
  1725 | D:3      | Found a deep blue altar of Sif Muna.
  1733 | D:3      | Found a shattered altar of Ashenzari.
  1733 | D:3      | Found a bloodstained altar of Trog.
  1734 | D:3      | Found a snail-covered altar of Cheibriados.
  1736 | D:3      | Found a sparkling altar of Nemelex Xobeh.
  1750 | D:3      | Found a glowing golden altar of the Shining One.
  1959 | D:3      | Became a worshipper of Trog the Wrathful
  2215 | D:3      | Acquired Trog's first power
  2397 | D:4      | Noticed Menkaure
  2402 | D:4      | Killed Menkaure
  2402 | D:4      | Reached skill level 5 in Fighting
  2402 | D:4      | Reached skill level 5 in Axes
  2402 | D:4      | Reached XP level 7. HP: 46/61 MP: 9/9
  2548 | D:4      | Found a shattered altar of Ashenzari.
  2759 | D:4      | Found a staircase to the Ecumenical Temple.
  2828 | D:4      | Reached skill level 5 in Armour
  2887 | D:4      | Noticed Grinder
  2895 | D:4      | Acquired Trog's second power
  2898 | D:4      | Killed Grinder
  2898 | D:4      | Reached skill level 6 in Axes
  2898 | D:4      | Reached skill level 5 in Shields
  3184 | D:4      | Found an opulent altar of Gozag.
  3340 | D:4      | Noticed a hippogriff
  3349 | D:4      | Killed a hippogriff
  3349 | D:4      | Reached XP level 8. HP: 70/70 MP: 11/13
  3395 | D:5      | Entered Level 5 of the Dungeon
  3951 | D:5      | Reached skill level 7 in Axes
  5404 | D:6      | Found a glowing drain.
  5408 | Sewer    | Entered a sewer
  5507 | Sewer    | Received a gift from Trog
  5553 | Sewer    | Noticed Purgy
  5572 | Sewer    | Killed Purgy
  6054 | D:6      | Reached skill level 1 in Throwing
  6067 | D:6      | Reached XP level 9. HP: 58/75 MP: 16/16
  6101 | D:6      | Reached skill level 8 in Axes
  6102 | D:6      | Acquired Trog's third power
  6102 | D:6      | Reached skill level 5 in Evocations
  6798 | D:7      | Reached skill level 9 in Axes
  7406 | D:7      | Reached XP level 10. HP: 56/86 MP: 18/18
  7693 | D:7      | Reached skill level 10 in Axes
  8337 | D:7      | Noticed Prince Ribbit
  8362 | D:7      | Killed Prince Ribbit
  8781 | D:8      | Received a gift from Trog
  9303 | D:8      | Noticed Grum
  9450 | D:8      | Reached skill level 11 in Axes
  9564 | D:8      | Killed Grum
  9752 | D:8      | Found a basalt altar of Yredelemnul.
  9753 | D:8      | Found a glowing silver altar of Zin.
  9847 | D:9      | Found a staircase to the Lair.
 10010 | D:9      | Got a pair of encrusted boots
 10011 | D:9      | Identified the cursed -1 pair of boots of the Heavens {MR++ Stlth+} (You found it on level 9 of the Dungeon)
 10035 | D:9      | Reached skill level 12 in Axes
 10039 | D:9      | Received a gift from Trog
 10134 | D:9      | Reached XP level 11. HP: 80/92 MP: 7/21
 10369 | D:9      | Received a gift from Trog
 10470 | D:9      | Found a blossoming altar of Fedhas.
 10711 | D:9      | Found a staircase to the Orcish Mines.
 10791 | Lair:1   | Entered Level 1 of the Lair of Beasts
 10859 | Lair:1   | Noticed an ice dragon
 10871 | Lair:1   | Killed an ice dragon
 11129 | Lair:1   | Got a fine scimitar
 11521 | Lair:1   | Reached skill level 5 in Throwing
 11550 | Lair:1   | Received a gift from Trog
 11567 | Lair:1   | Found a radiant altar of Vehumet.
 11585 | Lair:1   | Got an encrusted ring mail
 11606 | Lair:1   | Identified the cursed -4 ring mail of the Elven Halls {rF+} (You found it on level 1 of the Lair of Beasts)
 11665 | Lair:1   | Noticed Fannar
 11683 | Lair:1   | Killed Fannar
 11683 | Lair:1   | Reached skill level 13 in Axes
 11884 | Lair:1   | Received a gift from Trog
 11934 | Lair:1   | Received a gift from Trog
 11937 | Lair:1   | Noticed Joseph
 11944 | Lair:1   | Killed Joseph
 12028 | Lair:1   | Reached XP level 12. HP: 32/105 MP: 7/22
 12951 | Lair:2   | Reached skill level 10 in Fighting
 13707 | Lair:2   | Reached skill level 14 in Axes
 13776 | Lair:2   | Noticed Nergalle
 13784 | Lair:2   | Killed Nergalle
 14110 | Lair:2   | Identified the +10 scimitar "Wushasm" {freeze, *Rage Int+3} (You found it on level 1 of the Lair of Beasts)
 14364 | Lair:3   | Reached skill level 10 in Armour
 14374 | Lair:3   | Received a gift from Trog
 14792 | Lair:3   | Received a gift from Trog
 15329 | Lair:3   | Upgraded the game from 0.15-a0-1619-g29500c9 to 0.15-a0-1632-gd490d05
 16032 | Lair:4   | Noticed a five-headed hydra
 16038 | Lair:4   | Killed an eight-headed hydra
 16148 | Lair:5   | Noticed an eight-headed hydra
 16158 | Lair:5   | Killed a 13-headed hydra
 16560 | Lair:5   | Reached XP level 13. HP: 62/116 MP: 7/23
 16563 | Lair:5   | Received a gift from Trog
 16563 | Lair:5   | Reached skill level 15 in Axes
 16888 | Lair:5   | Found a hole to the Spider Nest.
 17051 | Lair:5   | Found a staircase to the Swamp.
 18047 | Lair:6   | Received a gift from Trog
 19150 | Lair:7   | Received a gift from Trog
 19592 | Lair:7   | Reached XP level 14. HP: 110/133 MP: 25/25
 20437 | Lair:8   | Entered Level 8 of the Lair of Beasts
 20654 | Lair:8   | Received a gift from Trog
 20968 | Lair:8   | Reached skill level 15 in Fighting
 21286 | Lair:8   | Found a staircase to the Slime Pits.
 21286 | Lair:8   | Found a viscous altar of Jiyva.
 21724 | Lair:8   | Received a gift from Trog
 22006 | Lair:8   | Reached skill level 16 in Fighting
 22205 | Lair:8   | Upgraded the game from 0.15-a0-1632-gd490d05 to 0.15-a0-1646-g393eda0
 22546 | D:10     | Entered Level 10 of the Dungeon
 22708 | D:10     | Received a gift from Trog
 23432 | D:11     | Got a faintly glowing ring mail
 23433 | D:11     | Identified the cursed -3 ring mail of the Unseen Realm {Str+1} (You found it on level 11 of the Dungeon)
 23593 | D:11     | Received a gift from Trog
 23757 | D:11     | Found Mnasof's Antique Armour Boutique.
 23760 | D:11     | Bought a pair of embroidered boots for 144 gold pieces
 23941 | D:11     | Found a viscous altar of Jiyva.
 24256 | D:12     | You fall through a shaft for 2 floors!
 24264 | D:14     | Received a gift from Trog
 24485 | D:14     | Reached XP level 15. HP: 55/145 MP: 26/26
 24953 | D:14     | Gained mutation: Your spells are a little harder to cast, but a little more powerful. [potion of beneficial mutation]
 24955 | D:14     | Gained mutation: Your spells are harder to cast, but more powerful. [potion of beneficial mutation]
 25079 | D:14     | Reached skill level 17 in Fighting
 25089 | D:14     | Noticed Urug
 25100 | D:14     | Killed Urug
 25862 | D:14     | Received a gift from Trog
 25990 | D:15     | Entered Level 15 of the Dungeon
 26026 | D:13     | Noticed therealpatrickswayze's ghost (powerful HOGl)
 26090 | D:13     | Killed therealpatrickswayze's ghost
 26475 | D:13     | Received a gift from Trog
 27017 | D:13     | Found a gate to the Vaults.
 27413 | D:12     | Got an ichor-stained cloak
 27414 | D:12     | Identified the +2 cloak of the Iron City of Dis {Dex+1 Slay+3} (You found it on level 12 of the Dungeon)
 27710 | D:12     | Received a gift from Trog
 27943 | D:12     | Reached skill level 18 in Fighting
 28311 | Orc:1    | Entered Level 1 of the Orcish Mines
 28317 | Orc:1    | Received a gift from Trog
 28399 | Orc:1    | Found Folaova's Weapon Boutique.
 28540 | Orc:2    | Found a shimmering altar of Xom.
 28540 | Orc:2    | Noticed Snorg
 28546 | Orc:2    | Killed Snorg
 28566 | Orc:2    | Received a gift from Trog
 28659 | Orc:2    | Received a gift from Trog
 28661 | Orc:2    | Reached skill level 15 in Armour
 29043 | Orc:3    | Received a gift from Trog
 29148 | Orc:3    | Found a staircase to the Elven Halls.
 29230 | Orc:3    | Received a gift from Trog
 29555 | Orc:3    | Found Clurrainu's Book Shoppe.
 29811 | Orc:4    | Entered Level 4 of the Orcish Mines
 29834 | Orc:4    | Noticed Erica
 29841 | Orc:4    | Killed Erica
 30329 | Orc:4    | Received a gift from Trog
 30542 | Orc:4    | Noticed Saint Roka
 30564 | Orc:4    | Killed Saint Roka
 30890 | Orc:4    | Found Cryqegie's Distillery.
 30890 | Orc:4    | Found Ajir's Weapon Shoppe.
 30891 | Orc:4    | Found Myna's Weapon Shoppe.
 30908 | Orc:4    | Found Fakos' Weapon Emporium.
 30909 | Orc:4    | Cryqegie's Distillery was a mimic.
 30925 | Orc:4    | Reached XP level 16. HP: 100/159 MP: 28/28
 31483 | Orc:4    | Received a gift from Trog
 32634 | D:15     | Found a staircase to the Depths.
 32897 | D:15     | Received a gift from Trog
 32948 | D:15     | Found Daataf's Book Boutique.
 32959 | D:15     | Bought a manual of Axes for 1987 gold pieces
 33279 | Depths:1 | Entered Level 1 of the Depths
 33685 | Swamp:1  | Entered Level 1 of the Swamp
 33748 | Swamp:1  | Noticed Roxanne
 33758 | Swamp:1  | Killed Roxanne
 33801 | Swamp:1  | Noticed Maud
 33825 | Swamp:1  | Killed Maud
 33989 | Swamp:1  | Reached skill level 10 in Evocations
 34495 | Swamp:2  | Received a gift from Trog
 34602 | Swamp:2  | Noticed a thorn hunter
 34608 | Swamp:2  | Killed a thorn hunter
 34608 | Swamp:2  | Reached skill level 19 in Fighting
 35586 | Swamp:3  | Received a gift from Trog
 35733 | Swamp:3  | Reached XP level 17. HP: 132/168 MP: 30/30
 36333 | Swamp:4  | Noticed Norris
 36350 | Swamp:4  | Killed Norris
 37884 | Swamp:1  | Received a gift from Trog
 38063 | Spider:1 | Entered Level 1 of the Spider Nest
 38219 | Spider:1 | Noticed Somebody's ghost (powerful HOGl)
 38261 | Spider:1 | Killed Somebody's ghost
 38514 | Spider:1 | Reached skill level 20 in Axes
 38714 | Spider:1 | Received a gift from Trog
 40217 | Spider:3 | Received a gift from Trog
 40255 | Spider:3 | Noticed Wiglaf
 40273 | Spider:3 | Killed Wiglaf
 40777 | Spider:3 | Reached skill level 21 in Axes
 41322 | Spider:3 | Received a gift from Trog
 42167 | Spider:4 | Reached XP level 18. HP: 77/178 MP: 1/32
 42599 | Spider:4 | Paralysed by a potion of paralysis for 7 turns
 42882 | Spider:5 | Entered Level 5 of the Spider Nest
 43042 | Spider:5 | Reached skill level 22 in Axes
 43219 | Spider:5 | Received a gift from Trog
 43325 | Spider:5 | Received a gift from Trog
 43453 | Spider:5 | Reached skill level 23 in Axes
 43577 | Spider:5 | Got a gossamer rune of Zot
 44556 | Lair:2   | Received a gift from Trog
 44559 | Lair:2   | Got a fine battleaxe {god gift}
 44560 | Lair:2   | Identified the +3 battleaxe of Duf Muze {chop, +Fly rPois Dex+2} (Trog gifted it to you on level 2 of the Lair of Beasts)
 44847 | Swamp:5  | Entered Level 5 of the Swamp
 45133 | Swamp:5  | Noticed Donald
 45147 | Swamp:5  | Killed Donald
 45705 | Swamp:5  | Noticed the 27-headed Lernaean hydra
 45705 | Swamp:5  | Reached skill level 24 in Axes
 45716 | Swamp:5  | Received a gift from Trog
 45723 | Swamp:5  | Killed the 26-headed Lernaean hydra
 46047 | Swamp:5  | Got a decaying rune of Zot
 46592 | Vaults:1 | Entered Level 1 of the Vaults
 46641 | Vaults:1 | Reached XP level 19. HP: 178/185 MP: 32/32
 46654 | Vaults:1 | Received a gift from Trog
 46686 | Vaults:1 | Found Lafonao's Armour Shop.
 47367 | Vaults:1 | Received a gift from Trog
 47781 | Vaults:1 | Found Gust's General Store.
 47809 | Vaults:1 | Bought a potion of beneficial mutation for 595 gold pieces
 47810 | Vaults:1 | Gained mutation: You have a pair of small horns on your head. [potion of beneficial mutation]
 48260 | Vaults:1 | Received a gift from Trog
 48358 | Vaults:1 | Bought a scroll of brand weapon for 340 gold pieces
 48367 | Vaults:1 | Upgraded the game from 0.15-a0-1646-g393eda0 to 0.15-a0-1656-gb4d1502
 48448 | Vaults:2 | You fall through a shaft!
 48942 | Vaults:3 | Reached skill level 25 in Axes
 49178 | Vaults:3 | Received a gift from Trog
 49420 | Vaults:3 | Received a gift from Trog
 50022 | Vaults:2 | Noticed Xtahua
 50034 | Vaults:2 | Killed Xtahua
 50393 | Vaults:2 | Received a gift from Trog
 50486 | Vaults:2 | Reached XP level 20. HP: 183/195 MP: 33/33
 51129 | Vaults:2 | Received a gift from Trog
 51590 | Vaults:2 | Received a gift from Trog
 51635 | Vaults:2 | Found a staircase to the Crypt.
 52140 | Vaults:3 | Reached skill level 26 in Axes
 52620 | Vaults:4 | Received a gift from Trog
 52679 | Vaults:4 | Received a gift from Trog
 52898 | Vaults:4 | Received a gift from Trog
 53571 | Vaults:4 | Reached skill level 1 in Unarmed Combat
 53918 | Vaults:2 | Received a gift from Trog
 54574 | Depths:1 | Reached XP level 21. HP: 187/205 MP: 34/34
 54673 | Depths:1 | Got an ichor-stained hat
 54674 | Depths:1 | Identified the +0 hat of the Hot Ocelot {rElec Int-5 Slay+4} (You found it on level 1 of the Depths)
 55052 | Depths:1 | Found a corrupted altar of Lugonu.
 55055 | Depths:1 | Found a one-way gate to the infinite horrors of the Abyss.
 55065 | Depths:1 | Received a gift from Trog
 55272 | Depths:1 | Reached skill level 27 in Axes
 55335 | Depths:1 | Found a gateway to Hell.
 55361 | Depths:1 | Got an ancient plate armour
 55368 | Depths:1 | Identified the +5 plate armour of the Countless Stars {Slay+5} (You found it on level 1 of the Depths)
 55961 | Depths:2 | Found a gateway to a ziggurat.
 55993 | Depths:2 | Found a bloodstained altar of Trog.
 55999 | Depths:2 | Found a shimmering altar of Xom.
 56230 | Depths:2 | Found a glowing silver altar of Zin.
 56293 | Depths:2 | Received a gift from Trog
 56535 | Depths:2 | Received a gift from Trog
 56803 | Depths:2 | HP: 2/210 [frost giant/bolt of cold (48)]
 57219 | Depths:2 | Reached XP level 22. HP: 177/217 MP: 34/34
 57233 | Depths:2 | Received a gift from Trog
 57634 | Depths:2 | Got a steaming chain mail
 57678 | Depths:2 | Identified the +0 chain mail of Peek-a-Boo {+Blink +Fly Slay-3} (You found it on level 2 of the Depths)
 58920 | Elf:1    | Entered Level 1 of the Elven Halls
 58947 | Elf:1    | Found a radiant altar of Vehumet.
 58982 | Elf:1    | Received a gift from Trog
 59043 | Elf:1    | Found Guoskam's Antique Weapon Emporium.
 59095 | Elf:1    | Found Kuokhlos' Book Shoppe.
 59312 | Elf:1    | Identified a scroll of acquirement
 59406 | Elf:1    | Bought the +8 mithril axe "Arga" {speed, MR+ Str+2} for 2201 gold pieces
 59755 | Elf:1    | Received a gift from Trog
 60229 | Elf:2    | Found Qourchau's Antique Weapon Emporium.
 61635 | Elf:3    | Entered Level 3 of the Elven Halls
 61635 | Elf:3    | Noticed Nikola
 61642 | Elf:3    | Killed Nikola
 61691 | Elf:3    | Found Zioroug's Jewellery Shop.
 61706 | Elf:3    | Bought the ring of Doataschi {+Blink +Fly rElec Str+3 SInv} for 710 gold pieces
 61837 | Elf:3    | Received a gift from Trog
 61902 | Elf:3    | Reached skill level 10 in Shields
 61912 | Elf:3    | Noticed Mara
 61916 | Elf:3    | Noticed nsdk123's illusion
 61917 | Elf:3    | Found a deep blue altar of Sif Muna.
 62438 | Elf:3    | Noticed nsdk123's illusion
 62461 | Elf:3    | Killed Mara
 62475 | Elf:3    | Killed nsdk123's illusion
 62476 | Elf:3    | Noticed nsdk123's illusion
 62501 | Elf:3    | Killed Mara
 63109 | Elf:3    | Reached XP level 23. HP: 229/229 MP: 35/35
 63302 | Elf:3    | Received a gift from Trog
 63327 | Elf:3    | Noticed nsdk123's illusion
 63707 | Elf:3    | Killed Mara
 63709 | Elf:3    | Got a heavily runed lead ring
 63903 | Elf:3    | Got a faintly glowing lead amulet
 63930 | Elf:3    | Identified the ring of the Duke {rPois rC+} (You took it off Mara on level 3 of the Elven Halls)
 63931 | Elf:3    | Identified the amulet "Maiduem" {Ward +Rage rN+} (You took it off a deep elf blademaster on level 3 of the Elven Halls)
 64548 | Vaults:5 | Entered Level 5 of the Vaults
 65425 | Vaults:5 | Noticed an ancient lich
 65438 | Vaults:5 | Killed an ancient lich
 65564 | Vaults:5 | Reached XP level 24. HP: 237/240 MP: 35/35
 65689 | Vaults:5 | Got a silver rune of Zot
 65746 | Vaults:5 | Received a gift from Trog
 66017 | Vaults:5 | Received a gift from Trog
 66143 | Vaults:5 | Got a shimmering scale mail
 66144 | Vaults:5 | Identified the +6 scale mail of Usmoshoc {+Blink} (You found it on level 5 of the Vaults)
 66180 | Vaults:5 | Got a slimy lead ring
 66196 | Vaults:5 | Identified the ring "Inagat" {rElec rN+} (You found it on level 5 of the Vaults)
 66361 | Vaults:5 | Received a gift from Trog
 66754 | Vaults:5 | Received a gift from Trog
 67005 | Vaults:5 | Got a wavering graven amulet
 67014 | Vaults:5 | Identified the amulet "Blyuf" {rMut SInv} (You took it off a vault warden on level 5 of the Vaults)
 67338 | Vaults:5 | Reached skill level 15 in Shields
 67428 | Vaults:5 | Found Coptiot's Book Shop.
 67552 | Vaults:5 | Received a gift from Trog
 68643 | Depths:3 | Reached XP level 25. HP: 253/253 MP: 36/36
 68719 | Depths:3 | Found a one-way gate leading to the halls of Pandemonium.
 69134 | Depths:3 | Received a gift from Trog
 70244 | Depths:4 | Received a gift from Trog
 70443 | Depths:4 | Received a gift from Trog
 71072 | Depths:4 | Received a gift from Trog
 71153 | Depths:4 | Got a smelly chain mail
 71154 | Depths:4 | Identified the +1 chain mail "Xaji" {rPois rF+ rC+ Slay-3 Curse} (You found it on level 4 of the Depths)
 71199 | Depths:4 | Found Wara's General Store.
 71882 | Elf:3    | Got a crystal war axe
 71883 | Elf:3    | Identified the +6 war axe of Sheani {antimagic, rElec rN+} (You took it off a deep elf fighter on level 3 of the Elven Halls)
 72261 | Lair:2   | Lost mutation: You have a pair of small horns on your head. [potion of cure mutation]
 72261 | Lair:2   | Lost mutation: Your spells are harder to cast, but more powerful. [potion of cure mutation]
 72261 | Lair:2   | Lost mutation: Your spells are a little harder to cast, but a little more powerful. [potion of cure mutation]
 72856 | Depths:5 | Entered Level 5 of the Depths
 72898 | Depths:5 | Reached XP level 26. HP: 214/264 MP: 37/37
 72967 | Depths:5 | Reached skill level 27 in Fighting
 73103 | Depths:5 | Found a glowing golden altar of the Shining One.
 73237 | Depths:5 | Found Vuall's Distillery.
 73259 | Depths:5 | Bought a potion of heal wounds for 66 gold pieces
 73259 | Depths:5 | Bought a potion of heal wounds for 66 gold pieces
 73259 | Depths:5 | Bought a potion of haste for 154 gold pieces
 73259 | Depths:5 | Bought a potion of restore abilities for 66 gold pieces
 73259 | Depths:5 | Bought a potion of heal wounds for 66 gold pieces
 73259 | Depths:5 | Bought a potion of heal wounds for 66 gold pieces
 73272 | Depths:5 | Received a gift from Trog
 74228 | Depths:5 | Found a gate to the Realm of Zot.
 74470 | Depths:5 | Received a gift from Trog
 74615 | Depths:5 | Upgraded the game from 0.15-a0-1656-gb4d1502 to 0.15-a0-1675-g4580af5
 74704 | Hell     | Entered the Vestibule of Hell
 74704 | Hell     | Noticed Geryon
 74746 | Hell     | Received a gift from Trog
 74763 | Hell     | Cast into the Abyss (red devil)
 74763 | Abyss:1  | Found a corrupted altar of Lugonu.
 74867 | Abyss:1  | Lost intelligence.
 75126 | Abyss:1  | Gained mutation: Your body is slowly deteriorating. [a neqoxec]
 75211 | Abyss:1  | Paralysed by accursed screaming for 1 turns
 75650 | Abyss:1  | Found a corrupted altar of Lugonu.
 75915 | Abyss:1  | Paralysed by accursed screaming for 1 turns
 75997 | Abyss:2  | Reached XP level 27. HP: 264/273 MP: 38/38
 76293 | Abyss:2  | Lost intelligence.
 76307 | Hell     | Escaped the Abyss
 76323 | Hell     | Cast into the Abyss (red devil)
 76807 | Abyss:1  | Received a gift from Trog
 77093 | Abyss:1  | Gained mutation: Your body is deteriorating. [a shining eye]
 77143 | Abyss:1  | Reached skill level 27 in Armour
 77546 | Abyss:1  | Lost intelligence.
 77779 | Abyss:1  | Gained mutation: You tend to lose your temper in combat. [a neqoxec]
 77782 | Abyss:1  | Gained mutation: You are frail (-10% HP). [a neqoxec]
 77784 | Abyss:1  | Gained mutation: You are very frail (-20% HP). [a neqoxec]
 77879 | Abyss:1  | Paralysed by accursed screaming for 1 turns
 77936 | Abyss:1  | Gained mutation: You are extremely frail (-30% HP). [a neqoxec]
 77936 | Abyss:1  | Gained mutation: You are very dopey. (Int -4) [a neqoxec]
 77938 | Abyss:1  | Gained mutation: Your body is rapidly deteriorating. [a neqoxec]
 77970 | Abyss:1  | Lost mutation: Your body is rapidly deteriorating. [potion of cure mutation]
 77970 | Abyss:1  | Lost mutation: You are extremely frail (-30% HP). [potion of cure mutation]
 77970 | Abyss:1  | Lost mutation: You are very frail (-20% HP). [potion of cure mutation]
 78047 | Abyss:1  | Gained mutation: You are weak. (Str -2) [a neqoxec]
 78079 | Abyss:1  | Found a corrupted altar of Lugonu.
 78273 | Abyss:1  | Found a corrupted altar of Lugonu.
 78579 | Abyss:1  | Killed from afar by a hellephant

Action                   |  1- 3 |  4- 6 |  7- 9 | 10-12 | 13-15 | 16-18 | 19-21 | 22-24 | 25-27 || total
-------------------------+-------+-------+-------+-------+-------+-------+-------+-------+-------++-------
Melee: War axe           |    69 |   159 |   490 |   171 |       |   467 |       |       |       ||  1356
       Broad axe         |       |       |       |   549 |  1207 |   817 |       |   959 |  1644 ||  5176
       Battleaxe         |       |       |       |       |       |    33 |   212 |       |       ||   245
       Executioner's axe |       |       |       |       |       |       |   891 |   149 |       ||  1040
       Unarmed           |       |       |       |       |       |       |    22 |       |       ||    22
Throw: Tomahawk          |       |       |       |     3 |       |       |       |       |       ||     3
       Javelin           |       |       |       |       |     4 |    25 |       |    23 |     5 ||    57
Invok: Berserk           |       |     1 |    10 |    17 |    12 |    12 |     7 |    11 |     3 ||    73
       Trog's Hand       |       |       |       |     2 |       |       |     3 |    11 |    23 ||    39
       Brothers in Arms  |       |       |       |     1 |    11 |    11 |    14 |    10 |     9 ||    56
       Burn Spellbooks   |       |       |       |     2 |     2 |     3 |       |     5 |       ||    12
 Abil: Evoke Berserk Rag |       |     2 |       |       |       |       |       |       |       ||     2
       Evoke Flight      |       |       |       |       |       |     1 |       |       |     1 ||     2
       Evoke Blink       |       |       |       |       |       |       |       |     1 |       ||     1
Evoke: Wand              |       |       |     6 |    12 |    12 |    14 |       |       |     1 ||    45
  Use: Potion            |     2 |       |       |    16 |    12 |     3 |     5 |     7 |    13 ||    58
       Scroll            |       |       |     7 |    18 |    12 |    16 |    15 |    29 |    11 ||   108
 Stab: Petrified         |       |       |       |       |     1 |       |       |       |       ||     1
       Distracted        |       |       |       |       |     2 |       |     4 |       |     3 ||     9
